 Dungeon Crawl Stone Soup version 0.18-a0-1372-gd644665 (webtiles) character file.

123 Duffy the Shield-Bearer (level 5, 0/41 HPs)
             Began as a Formicid Fighter on Feb 22, 2016.
             Succumbed to an adder's poison
             ... in a sewer.
             The game lasted 00:02:09 (2033 turns).

Duffy the Shield-Bearer (Formicid Fighter)          Turns: 2033, Time: 00:02:09

Health: 0/41       AC: 10    Str: 21    XL:     5   Next: 29%
Magic:  5/5        EV:  3    Int:  7    God:
Gold:   88         SH: 10    Dex: 11    Spells: 0 memorised, 4 levels left

rFire  . . .     SeeInvis +     a - +0 long sword
rCold  . . .     Gourm    .     t - +0 chain mail
rNeg   . . .     Faith    .     c - +0 shield
rPois  .         Spirit   .     (helmet unavailable)
rElec  .         Dismiss  .     (no cloak)
rCorr  .         Reflect  .     q - +0 pair of gloves
SustAt .         Harm     .     (no boots)
MR     .....                    (no amulet)
Stlth  ..........               (no ring)
                                (no ring)

@: lethally poisoned (0 -> -18), constricted, not resistant to hostile
enchantments, extremely unstealthy
A: permanent stasis, dig shafts and tunnels, four strong arms, antennae 3
a: Dig, Shaft Self


You were in a sewer.
You were not hungry.

You visited 1 branch of the dungeon, and saw 3 of its levels.
You also visited: Sewer.

You collected 88 gold pieces.


Innate Abilities, Weirdness & Mutations

You are under a permanent stasis effect.
You can dig through walls and to a lower floor.
Your four strong arms can wield two-handed weapons with a shield.
You have a pair of large antennae on your head (SInv).


   Skills:
 - Level 3.2 Fighting
 + Level 3.6 Long Blades
 - Level 3.2 Armour
 + Level 5.5 Shields


You had 4 spell levels left.
You didn't know any spells.

Inventory:

Hand Weapons
 a - a +0 long sword (weapon)
Armour
 b - a +0 scale mail
 c - a +0 shield (worn)
 q - a +0 pair of gloves (worn)
 t - a +0 chain mail (worn)
Scrolls
 e - 3 scrolls of identify {unknown}
 h - 2 scrolls of recharging {unknown}
 i - a scroll of enchant armour {unknown}
 j - 2 scrolls of remove curse {unknown}
 k - a scroll of fear {unknown}
 o - a scroll of immolation {unknown}
 p - 3 scrolls of enchant weapon {unknown}
 r - 3 scrolls of teleportation {unknown}
 s - 2 scrolls of fog {unknown}
 u - 2 scrolls of magic mapping {unknown}
Potions
 d - 2 potions of might
 m - a potion of flight {unknown}
 n - 2 potions of curing {unknown}
Comestibles
 f - a bread ration
 g - 2 meat rations
 l - a slice of pizza

Dungeon Overview and Level Annotations

Branches:
Dungeon (3/15)

Altars:


Message History

You are too injured to fight recklessly!
You are too injured to fight recklessly!
You are too injured to fight recklessly!
You are too injured to fight recklessly!
You are too injured to fight recklessly!
You are too injured to fight recklessly!
You are too injured to fight recklessly!
You are too injured to fight recklessly!
You are too injured to fight recklessly!
You are too injured to fight recklessly!
You are too injured to fight recklessly!
You are too injured to fight recklessly!
You miss the adder.
You feel sick. The river rat bites you. You block the adder's attack.
You block the ball python's attack. The ball python constricts you.
The adder bites you but does no damage. x2
The rat bites you but does no damage. The ball python completely misses you.
The rat bites you but does no damage. The river rat bites you.
You block the adder's attack.
The ball python bites you but does no damage.
The ball python constricts you.
You hit the adder.
The adder is moderately wounded.
You feel sick. You block the adder's attack.
The adder bites you but does no damage. You block the ball python's attack.
The rat bites you but does no damage. x2
The adder bites you but does no damage. x2
The ball python bites you but does no damage.
The ball python constricts you. The adder bites you.
You are more poisoned.
The adder poisons you! The river rat bites you.
The ball python bites you but does no damage.
You block the rat's attack.
You hit the adder.
The adder is severely wounded.
You die...

#####################
.~~~~~~~.~~~~~~~~~..###
..~~~~r~S.~~~~~~~~~...##
.~~~~r~SSS~~~~~~~~~....##
..~~~~rS@S.~~~~~~~~.....#
.~~~rrrrrr~~~~~~~~~.....#
.~~~~r~rr~~~~~~~~~.......
####################.....
####.... #..'....
#..##... #####... #....


You could see 3 adders, a river rat, 3 ball pythons and 11 rats.

Action                   |  1- 3 |  4- 6 || total
-------------------------+-------+-------++-------
Melee: Long sword        |    92 |   164 ||   256
  Eat: Chunk             |       |     4 ||     4

Notes
Turn   | Place    | Note
--------------------------------------------------------------
     0 | D:1      | Duffy the Formicid Fighter began the quest for the Orb.
     0 | D:1      | Reached XP level 1. HP: 18/18 MP: 1/1
    87 | D:1      | Reached XP level 2. HP: 24/24 MP: 2/2
   311 | D:1      | Reached skill level 4 in Shields
   517 | D:2      | Reached XP level 3. HP: 22/29 MP: 3/3
   772 | D:2      | Reached skill level 3 in Long Blades
   880 | D:2      | Reached XP level 4. HP: 35/35 MP: 4/4
  1045 | D:2      | Reached skill level 5 in Shields
  1485 | D:3      | Found a glowing drain.
  1513 | Sewer    | Entered a sewer
  1614 | Sewer    | Reached XP level 5. HP: 5/41 MP: 5/5
  2033 | Sewer    | Succumbed to an adder's poison

Vault maps used:
D:1:      minmay_arrival_stone_box, serial_glass, glass_columns_b,
          glass_columns_a, kennysheep_crisscross
D:3:      portal_sewer_entry_b
Sewer:    sewer_minmay_w

Vanquished Creatures
  2 adders
  3 river rats
  3 worms
  2 giant geckos
  5 bats
  4 giant cockroaches
  4 goblins
  4 hobgoblins
  2 jackals
  4 kobolds
  A quokka
  8 ball pythons
  7 giant newts
  24 rats
73 creatures vanquished.
